 Dungeon Crawl Stone Soup version 0.21-a0-531-gacddea6 (webtiles) character file.

20 AverageBear the Cutter (level 2, 17/18 HPs)
             Began as a Deep Elf Fighter on Dec 14, 2017.
             Quit the game on level 2 of the Dungeon.
             The game lasted 00:00:53 (814 turns).

AverageBear the Cutter (Deep Elf Fighter)            Turns: 814, Time: 00:00:53

Health: 17/18      AC:  6    Str: 13    XL:     2   Next: 58%
Magic:  4/4        EV:  6    Int: 12    God:
Gold:   34         SH:  8    Dex: 14    Spells: 1/1 levels left

rFire    . . .     SeeInvis .   l - -3 dagger (curse)
rCold    . . .     Gourm    .   c - +0 shield
rNeg     . . .     Faith    .   b - +0 scale mail
rPois    .         Spirit   .   (no helmet)
rElec    .         Reflect  .   (no cloak)
rCorr    .         Harm     .   (no gloves)
MR       .....                  (no boots)
Stlth    ..........             (no amulet)
HPRegen  0.06/turn              (no ring)
MPRegen  0.09/turn              (no ring)

@: no status effects
A: no striking features
a: no special abilities


You were on level 2 of the Dungeon.
You were not hungry.

You visited 1 branch of the dungeon, and saw 2 of its levels.

You collected 34 gold pieces.

Inventory:

Hand Weapons
 a - a +0 rapier
 l - a cursed -3 dagger (weapon)
Armour
 b - a +0 scale mail (worn)
 c - a +0 shield (worn)
Scrolls
 g - a scroll of magic mapping
Potions
 d - a potion of might
 e - 2 potions of cancellation
 i - 2 potions of flight {unknown}
 j - a potion of heal wounds {unknown}
Comestibles
 f - 3 bread rations
 h - a royal jelly
 k - a chunk of flesh


   Skills:
 - Level 2.4 Fighting
 + Level 3.2 Short Blades
 - Level 2.4 Armour
 - Level 2.4 Shields


You had one spell level left.
You didn't know any spells.

Dungeon Overview and Level Annotations

Branches:
Dungeon (2/15)

Altars:


Message History

No target in view!
No target in view!
No target in view!
Found a mace.
No target in view!
Found a runed dagger.
No target in view!
f - 3 bread rations (gained 1)
Found 13 poisoned needles.
No target in view!
Found an escape hatch in the floor.
Found a stone staircase leading down.
No target in view!
A kobold comes into view.
The kobold shouts!
You see here a runed dagger.
l - a runed dagger Wield which item (- for none, * to show all)? (? for menu, Esc to quit)
It sticks to your hand!
l - a cursed -3 dagger (weapon)
Are you sure you want to abandon this character and quit the game? (Confirm with "yes".)

.. ........... #K#
.#.#........ #.# #.
#........ ## #(# ..
##....... . #.#
..###.#.##.###. #.#.#
.........##.####
...##.#.####...##.#.##..# #
#>.>..............#.###.###
.###.#.#.@.......#.# #..#
#.##.....)###.####.##
#...........#.#......
###..................
#.###..#......#.#......
........................
.....#..##.#...#)#.###..
.....#.....#...#.### #.
##.# #...........# .


There were no monsters in sight!

Vanquished Creatures
  A bat skeleton (D:2)
  A giant cockroach (D:1)
  2 hobgoblins (D:1)
  A quokka (D:2)
  3 bats (D:1)
  2 frilled lizards
  4 goblins
  3 kobolds (D:1)
  A leopard gecko zombie (D:2)
  3 rats (D:1)
21 creatures vanquished.

Notes
Turn   | Place    | Note
-------+----------+-------------------------------------------
     0 | D:1      | AverageBear the Deep Elf Fighter began the quest for the Orb.
     0 | D:1      | Reached XP level 1. HP: 13/13 MP: 3/3
   158 | D:1      | Reached XP level 2. HP: 17/18 MP: 4/4
   334 | D:1      | Reached skill level 3 in Short Blades
   814 | D:2      | Quit the game

Vault maps used:
D:1:      eino_arrival_tree_alley, lemuel_old_faithful
D:2:      okawaru_trees_1, serial_undead, serial_undead_f, serial_undead_a,
          serial_undead_b, serial_undead_a, serial_undead_b, serial_undead_e,
          first_bread, uniq_sigmund

Skill      XL: |  1  2 |
---------------+-------+-----
Short Blades   | 3 |  3.2
Fighting       | |  2.4
Armour         | |  2.4
Shields        | |  2.4

Action                   || total
-------------------------++-------
Melee: Rapier            ||    60
  Use: Scroll            ||     3
Armor: Scale mail        ||    34
Dodge: Dodged            ||    20
Block: Shield            ||    29

Table legend:
 A = Spawn XP
 B = Non-spawn XP
 C = Spawn XP percentage of total XP
 D = Spawn monster count
 E = Non-spawn monster count
 F = Spawn count percentage of total count
 G = Total turns spent on level
                    A         B        C        D         E        F      G
               +---------+---------+-------+---------+---------+-------+---------
         Total |       0 |      29 |   0.0 |       0 |      21 |   0.0 |   814
               +---------+---------+-------+---------+---------+-------+---------
           D:1 |       0 |      21 |   0.0 |       0 |      16 |   0.0 |   675
           D:2 |       0 |       8 |   0.0 |       0 |       5 |   0.0 |   139
               +---------+---------+-------+---------+---------+-------+---------
